 Dungeon Crawl Stone Soup version 0.19-a0-944-gb338e1e (webtiles) character file.

784 Ripred the Skirmisher (level 7, -2/96 HPs)
             Began as a Black Draconian Berserker on July 8, 2016.
             Was an Elder of Trog.
             Slain by an orc warrior
             ... wielding a +0 trident
              (11 damage)
             ... on level 4 of the Dungeon.
             The game lasted 00:13:38 (5157 turns).

Ripred the Skirmisher (Black Draconian Berserker)   Turns: 5157, Time: 00:13:38

Health: -2/96      AC:  6    Str: 32    XL:     7   Next: 55%
Magic:  7/7        EV: 14    Int:  7    God:    Trog [****..]
Gold:   156        SH:  0    Dex: 11    Spells: 0 memorised, 6 levels left

rFire  . . .     SeeInvis +     q - +1 war axe (freeze)
rCold  . . .     Gourm    .     (armour unavailable)
rNeg   . . .     Faith    .     (no shield)
rPois  .         Spirit   .     (helmet restricted)
rElec  +         Dismiss  .     (no cloak)
rCorr  .         Reflect  .     (no gloves)
SustAt .         Harm     .     (no boots)
MR     .....                    (no amulet)
Stlth  ..........               r - +6 ring of strength
                                c - ring of see invisible

@: berserking, very quick, not resistant to hostile enchantments, extremely
unstealthy
A: breathe lightning, unfitting armour, electricity resistance, cold-blooded, AC
+6
a: Breathe Lightning, Berserk, Trog's Hand, Brothers in Arms, Burn Spellbooks,
Renounce Religion


You were on level 4 of the Dungeon.
You worshipped Trog.
Trog was greatly pleased with you.
You were not hungry.

You visited 1 branch of the dungeon, and saw 5 of its levels.

You collected 156 gold pieces.

Inventory:

Hand Weapons
 a - a +0 hand axe
 q - a +1 war axe of freezing (weapon)
Missiles
 p - a throwing net (quivered)
Jewellery
 c - a ring of see invisible (left hand)
 f - an uncursed ring of stealth
 r - a +6 ring of strength (right hand)
 C - an uncursed ring of fire
Wands
 v - a wand of enslavement (1/24)
Scrolls
 e - a scroll of fear
 g - 2 scrolls of identify
 i - a scroll of enchant weapon {unknown}
 j - 3 scrolls of remove curse
 l - 2 scrolls of teleportation {unknown}
 n - a scroll of enchant armour
 t - a scroll of recharging {unknown}
 w - a scroll of immolation {unknown}
 x - a scroll of blinking {unknown}
 y - 2 scrolls of random uselessness {unknown}
 A - a scroll of noise {unknown}
Potions
 k - 2 potions of heal wounds {unknown}
 o - 3 potions of agility {unknown}
 s - a potion of degeneration {unknown}
 u - a potion of might {unknown}
 B - a potion of curing
Comestibles
 b - 3 bread rations
 d - 4 meat rations
 m - a slice of pizza


   Skills:
 + Level 6.5 Fighting
 + Level 5.5 Axes
 + Level 5.1 Dodging


You had 6 spell levels left.
You didn't know any spells.

Dungeon Overview and Level Annotations

Branches:
Dungeon (5/15)
 Temple: D:4-7

Altars:
Ashenzari
Dithmenos
Gozag
Kikubaaqudgha
Ru
Yredelemnul


Innate Abilities, Weirdness & Mutations

You can breathe wild blasts of lightning.
Your glossy black scales are hard. (AC +6)
Your body does not fit into most forms of armour.
You are resistant to electric shocks. (rElec)
You are cold-blooded and may be slowed by cold attacks.


Message History

The ogre hits you with a giant club! The orc warrior closely misses you.
You barely miss the ogre. The ogre hits you but does no damage.
The orc warrior closely misses you.
You barely miss the ogre. The ogre completely misses you.
The orc warrior barely misses you.
You slash the ogre! You freeze the ogre.
The ogre is moderately wounded.
The orc warrior hits you from afar with a trident!
The ogre hits you with a giant club!
* * * LOW HITPOINT WARNING * * *
A red film seems to cover your vision as you go berserk!
You feel yourself moving faster!
You feel mighty!
The orc warrior hits you from afar with a trident.
* * * LOW HITPOINT WARNING * * *
The ogre hits you with a giant club!
* * * LOW HITPOINT WARNING * * *
You barely miss the ogre.
The ogre is moderately wounded.
The orc warrior hits you from afar with a trident!
You die...

.........))<######.###..#.......#
...........##........#..##.....##
##.#......###..[.....#..####.####
##.#.......##..>.....#...........
......(....##........#...##..###.
...###(....##........#...........
##.#⌠#(...#######........########
#.###......######o#.....#
#......#.#.....@O....#.##
##..#####.####.###....#.#
#>.######..# #.# #.#..#.#
...........# #.###.##.#.#
..########## #..[#..#.#.### .##
###..........# ## #.[........# #
#......#...# ##...<.#...#


You could see an orc warrior and an ogre.

Vanquished Creatures
  Grinder (D:2)
  A scorpion (D:4)
  2 hounds
  3 orc priests
  Ijyb (D:3)
  Natasha (thrice) (D:3)
  2 orc wizards
  2 worker ants (D:4)
  A worker ant zombie (D:5)
  5 adders
  3 oozes
  3 worms
  2 dart slugs
  A giant gecko (D:2)
  9 orcs
  2 ball pythons
  A giant cockroach (D:2)
  9 goblins
  6 hobgoblins
  15 jackals
  A quokka (D:2)
  12 bats
  2 giant gecko skeletons (D:4)
  4 giant newts
  13 kobolds
  7 rats
111 creatures vanquished.

Notes
Turn   | Place    | Note
-------+----------+-------------------------------------------
     0 | D:1      | Ripred the Draconian Berserker began the quest for the Orb.
     0 | D:1      | Reached XP level 1. HP: 19/19 MP: 1/1
   155 | D:1      | Reached XP level 2. HP: 23/26 MP: 2/2
   541 | D:1      | Reached XP level 3. HP: 32/33 MP: 3/3
   550 | D:1      | Reached ** piety under Trog
   686 | D:2      | Reached skill level 4 in Fighting
  1297 | D:2      | Reached XP level 4. HP: 24/40 MP: 4/4
  2120 | D:3      | Noticed Natasha
  2134 | D:3      | Killed Natasha
  2317 | D:3      | Noticed Natasha
  2320 | D:3      | Reached *** piety under Trog
  2329 | D:3      | Killed Natasha
  2329 | D:3      | Reached XP level 5. HP: 36/47 MP: 5/5
  2449 | D:3      | Noticed Grinder
  2544 | D:2      | Paralysed by Grinder for 2 turns
  2556 | D:2      | Killed Grinder
  2556 | D:2      | Reached skill level 5 in Fighting
  2556 | D:2      | Reached XP level 6. HP: 16/56 MP: 6/6
  2931 | D:3      | Found an ancient bone altar of Kikubaaqudgha.
  2954 | D:3      | Noticed Ijyb
  2976 | D:3      | Noticed Natasha
  2984 | D:3      | Killed Natasha
  2990 | D:3      | Killed Ijyb
  3245 | D:3      | Found an opulent altar of Gozag.
  3247 | D:3      | Found a basalt altar of Yredelemnul.
  3410 | D:3      | Found a shattered altar of Ashenzari.
  3475 | D:3      | Found a sacrificial altar of Ru.
  3672 | D:4      | Reached skill level 5 in Axes
  4286 | D:3      | Your scales start taking on a glossy black colour.
  4286 | D:3      | Reached XP level 7. HP: 56/62 MP: 7/7
  4286 | D:3      | Gained mutation: You are resistant to electric shocks. (rElec) [Black Draconian growth]
  4409 | D:4      | Reached skill level 6 in Fighting
  4669 | D:3      | Reached skill level 5 in Dodging
  4739 | D:4      | Found a shadowy altar of Dithmenos.
  4902 | D:4      | Reached **** piety under Trog
  5082 | D:5      | Entered Level 5 of the Dungeon
  5157 | D:4      | Slain by an orc warrior

Vault maps used:
D:1:      scummos_arrival_forest
D:2:      grunt_ministairs_4, kennysheep_nub
D:3:      marbit_many_paths, nicolae_overflow_hidden_temple, first_bread,
          uniq_iyjb, uniq_natasha, uniq_grinder
D:4:      old_standard_altar, feat_on_display
D:5:      minmay_fire_ice_demons

Skill      XL: |  1  2  3  4  5  6  7 |
---------------+----------------------+-----
Dodging        | 3 4 5 |  5.1
Fighting       | 4 5 6 |  6.5
Axes           | 4 5 |  5.5

Action                   |  1- 3 |  4- 6 |  7- 9 || total
-------------------------+-------+-------+-------++-------
Melee: Hand axe          |   106 |   186 |       ||   292
       Tailslap          |    12 |    20 |    12 ||    44
       War axe           |       |     6 |    59 ||    65
Invok: Burn Spellbooks   |       |       |     1 ||     1
  Use: Scroll            |     5 |     1 |     3 ||     9
       Potion            |     2 |     2 |     1 ||     5
 Stab: Sleeping          |     6 |     3 |     1 ||    10
       Distracted        |     1 |       |     1 ||     2
  Eat: Chunk             |     2 |     9 |     3 ||    14
       Beef jerky        |       |     1 |       ||     1
Armor: Skin              |    43 |    62 |    27 ||   132
Dodge: Dodged            |    79 |   157 |    53 ||   289
